[Event "Titled Tuesday Blitz March 21 Late 2023"]
[White "Galaktionov, Artem"]
[Black "Di Berardino, Diego Rafael"]
[WhiteFideId "24175471"]
[BlackFideId "2105446"]
[WhiteElo "2340"]
[BlackElo "2432"]
[Result "1-0"]
[Round "08"]
[TimeControl "180+2"]
[Date "2023.03.21"]
[WhiteClock "0:00:29"]
[BlackClock "0:00:12"]

1. d4 Nf6 2. Nf3 g6 3. c4 Bg7 4. Nc3 O-O 5. e4 d6 6. Be2 Nbd7 7. O-O e5 8. Be3 Re8 9. dxe5 dxe5 10. b4 c6 11. c5 Nf8 12. Nd2 Ne6 13. Nc4 Nd4 14. Nd6 Re7 15. Bc4 Ne8 16. Nxc8 Rxc8 17. Ne2 Rd7 18. Bxd4 exd4 19. Qd3 b6 20. Rac1 bxc5 21. bxc5 Qa5 22. f4 Nc7 23. f5 Be5 24. Nf4 Kg7 25. Qh3 Rcd8 26. Nd3 f6 27. Nxe5 fxe5 28. f6+ Kf8 29. Qh6+ Ke8 30. f7+ Ke7 31. f8=Q+ 1-0


[Site "https://www.chess.com"]

[Event "Titled Tuesday Blitz March 21 Late 2023"]
[White "Ozen, Bahadir"]
[Black "Filgueira, Hernan"]
[WhiteFideId "6337058"]
[BlackFideId "101770"]
[WhiteElo "2503"]
[BlackElo "2363"]
[Result "1/2-1/2"]
[Round "08"]
[TimeControl "180+2"]
[Date "2023.03.21"]
[WhiteClock "0:00:15"]
[BlackClock "0:00:52"]

1. d4 d5 2. Nf3 e6 3. c4 Nf6 4. Nc3 c6 5. Bg5 Nbd7 6. cxd5 exd5 7. e3 Be7 8. Bd3 O-O 9. Qc2 Re8 10. O-O Nf8 11. Rab1 g6 12. b4 Nh5 13. Bxe7 Rxe7 14. b5 Qd6 15. bxc6 bxc6 16. Na4 Rc7 17. Rfc1 Ng7 18. Qc5 Qxc5 19. Nxc5 f6 20. Rb3 Nge6 21. h3 Nxc5 22. Rxc5 Nd7 23. Rc1 Nb6 24. Rbc3 Bd7 25. Ba6 Rb8 26. Rb3 Rd8 27. Ne1 Kf8 28. Nd3 Ke7 29. Kf1 Kd6 30. Nc5 Bc8 31. Bd3 Nd7 32. Ke2 Nxc5 33. Rxc5 Bd7 34. Ra5 Ra8 35. Kd2 f5 36. h4 h6 37. f3 g5 38. hxg5 hxg5 39. Rb1 Rh8 40. Ke2 g4 41. fxg4 fxg4 42. Kf2 Rf8+ 43. Kg3 Re8 44. Re1 Rb7 45. Re2 Rf8 46. e4 1/2-1/2


[Site "https://www.chess.com"]

[Event "Titled Tuesday Blitz March 21 Late 2023"]
[White "Medina Paz, Miguel"]
[Black "Bartel, Mateusz"]
[WhiteFideId "7300379"]
[BlackFideId "1112635"]
[WhiteElo "2428"]
[BlackElo "2521"]
[Result "0-1"]
[Round "08"]
[TimeControl "180+2"]
[Date "2023.03.21"]
[WhiteClock "0:00:16"]
[BlackClock "0:00:21"]

1. d4 Nf6 2. c4 Nc6 3. Nf3 e6 4. a3 g6 5. Nc3 Bg7 6. e4 d6 7. Be2 O-O 8. Bg5 h6 9. Bh4 e5 10. d5 Ne7 11. Nd2 g5 12. Bg3 Ng6 13. Nf1 Nf4 14. Ne3 c6 15. Kf1 Qb6 16. Rb1 Bd7 17. h4 Rac8 18. hxg5 hxg5 19. Bg4 Nxg4 20. Nxg4 Qd4 21. Ne3 Qxd1+ 22. Rxd1 Rfd8 23. dxc6 bxc6 24. Rxd6 Be6 25. c5 Bf8 26. Rxd8 Rxd8 27. Bxf4 exf4 28. Nf5 Bxc5 29. Ke2 g4 30. Rd1 Re8 31. Nd6 Rb8 32. b4 Bb6 33. e5 Kg7 34. Nce4 Kg6 35. Rc1 Bd5 36. f3 a5 37. Nc5 axb4 38. Nd7 Be3 39. Rxc6 Bxc6 40. Nxb8 bxa3 41. Nxc6 a2 42. Ne7+ Kh7 0-1


[Site "https://www.chess.com"]

[Event "Titled Tuesday Blitz March 21 Late 2023"]
[White "Poliakova, Varvara"]
[Black "Averjanov, Alexey"]
[WhiteFideId "13518313"]
[BlackFideId "14109867"]
[WhiteElo "2075"]
[BlackElo "2790"]
[Result "0-1"]
[Round "08"]
[TimeControl "180+2"]
[Date "2023.03.21"]
[WhiteClock "0:00:16"]
[BlackClock "0:00:28"]

1. e4 c6 2. d4 d5 3. Nd2 dxe4 4. Nxe4 Bf5 5. Ng3 Bg6 6. h4 h6 7. Nh3 Nf6 8. Nf4 Bh7 9. c3 e6 10. Bd3 Bxd3 11. Qxd3 Bd6 12. Nfh5 O-O 13. Qf3 Nbd7 14. O-O Nxh5 15. Qxh5 Nf6 16. Qf3 Nd5 17. Qg4 Nf6 18. Qf3 Qe7 19. Re1 Bxg3 20. Qxg3 Kh7 21. Bd2 Rad8 22. Re5 Rd5 23. Rae1 Rfd8 24. f4 g6 25. f5 gxf5 26. Qe3 Ng4 27. Qf4 Rxe5 28. Rxe5 Qxh4 29. Re2 Rg8 30. Be1 Qh5 31. Rd2 Rg7 32. c4 Nf6 33. Qh2 Qg4 34. g3 Ne4 35. Re2 Nxg3 36. Bxg3 Qxg3+ 37. Qxg3 Rxg3+ 38. Kf2 Rd3 39. d5 cxd5 40. cxd5 Rxd5 41. Rc2 Rd7 42. Kf3 Kg6 43. Kf4 Kf6 44. Rh2 e5+ 45. Ke3 f4+ 46. Ke4 Rd4+ 47. Kf3 Kg5 48. Rc2 e4+ 49. Ke2 Rd3 50. Rc7 f3+ 51. Kf2 f5 52. Kg3 f4+ 53. Kf2 Rd2+ 54. Ke1 e3 55. Kf1 Rd1# 0-1


[Site "https://www.chess.com"]

[Event "Titled Tuesday Blitz March 21 Late 2023"]
[White "Pakleza, Zbigniew"]
[Black "Rastbod, Ali"]
[WhiteFideId "1119290"]
[BlackFideId "12567477"]
[WhiteElo "2410"]
[BlackElo "2211"]
[Result "1-0"]
[Round "08"]
[TimeControl "180+2"]
[Date "2023.03.21"]
[WhiteClock "0:00:15"]
[BlackClock "0:00:06"]

1. d4 d6 2. Nf3 g6 3. Bf4 Bg7 4. e3 c5 5. c3 Qb6 6. Qb3 Be6 7. Qxb6 axb6 8. a3 Bd5 9. Nbd2 Nd7 10. Bd3 Bc6 11. O-O b5 12. h3 e5 13. Bh2 c4 14. Bc2 f5 15. e4 f4 16. d5 Nc5 17. dxc6 bxc6 18. Rad1 h6 19. h4 Bf6 20. g3 g5 21. gxf4 gxf4 22. Kh1 Ne7 23. Rg1 Kf7 24. h5 Ne6 25. Nf1 Rad8 26. Rg4 Ng7 27. Nh4 Nxh5 28. f3 Rhg8 29. Rxg8 Rxg8 30. Ng2 d5 31. Bg1 Rd8 32. exd5 cxd5 33. Bc5 d4 34. Be4 d3 35. Bf2 Nd5 36. Nd2 Nb6 37. Bxb6 Ng3+ 38. Kh2 Rg8 39. Bd5+ 1-0


[Site "https://www.chess.com"]

[Event "Titled Tuesday Blitz March 21 Late 2023"]
[White "Postny, Evgeny"]
[Black "Riff, Vincent"]
[WhiteFideId "2804344"]
[BlackFideId "617776"]
[WhiteElo "2509"]
[BlackElo "2369"]
[Result "1-0"]
[Round "08"]
[TimeControl "180+2"]
[Date "2023.03.21"]
[WhiteClock "0:02:38"]
[BlackClock "0:02:18"]

1. e4 c5 2. Nf3 Nc6 3. d4 cxd4 4. Nxd4 e5 5. Nb5 d6 6. c4 Be7 7. N1c3 a6 8. Na3 f5 9. exf5 Bxf5 10. Bd3 Be6 11. Nc2 Nf6 12. O-O O-O 13. Nd5 Kh8 14. Nce3 Bg8 15. b3 Nd4 16. Bb2 Nxd5 17. Nxd5 Bxd5 18. cxd5 Qb6 19. Qh5 1-0


[Site "https://www.chess.com"]

[Event "Titled Tuesday Blitz March 21 Late 2023"]
[White "Bilych, Olexiy"]
[Black "TimGrutter03"]
[WhiteFideId "14156504"]
[WhiteElo "2320"]
[BlackElo "2559"]
[Result "1-0"]
[Round "08"]
[TimeControl "180+2"]
[Date "2023.03.21"]
[WhiteClock "0:01:48"]
[BlackClock "0:00:03"]

1. e4 g6 2. d4 Bg7 3. Nc3 d6 4. Bg5 Nc6 5. d5 Nd4 6. Be3 c5 7. Nge2 Nxe2 8. Bxe2 Qa5 9. O-O Bxc3 10. bxc3 Qxc3 11. Rb1 Nf6 12. Bb5+ Kf8 13. Bh6+ Kg8 14. Rb3 Qe5 15. f4 Qxe4 16. Re1 Qxd5 17. Qxd5 Nxd5 18. Bc4 Be6 19. f5 Nb6 20. Rxb6 axb6 21. Rxe6 Re8 22. f6 b5 23. Rxe7 Rf8 24. Bxf7+ 1-0


[Site "https://www.chess.com"]

[Event "Titled Tuesday Blitz March 21 Late 2023"]
[White "Aldokhin, Ivan"]
[Black "Mendez Fortes, Eduardo Jesus"]
[WhiteFideId "24115720"]
[BlackFideId "3502376"]
[WhiteElo "2322"]
[BlackElo "2307"]
[Result "0-1"]
[Round "08"]
[TimeControl "180+2"]
[Date "2023.03.21"]
[WhiteClock "0:00:09"]
[BlackClock "0:01:18"]

1. e4 c5 2. Nf3 d6 3. d4 cxd4 4. Nxd4 Nf6 5. Nc3 a6 6. Bc4 e6 7. Bb3 b5 8. Qf3 Qb6 9. Be3 Qb7 10. O-O-O Be7 11. Qg3 O-O 12. Bh6 Ne8 13. Rhe1 Nd7 14. Nd5 Nc5 15. Nxe7+ Qxe7 16. Bg5 Qc7 17. Qh4 f6 18. Bd2 Nxb3+ 19. axb3 e5 20. Ne2 Be6 21. Kb1 a5 22. f4 a4 23. Bb4 axb3 24. cxb3 Bxb3 25. Qh3 Qc2# 0-1


[Site "https://www.chess.com"]

[Event "Titled Tuesday Blitz March 21 Late 2023"]
[White "Gadimbayli, Abdulla"]
[Black "Mortazavi, Ali"]
[WhiteFideId "13404938"]
[BlackFideId "401323"]
[WhiteElo "2390"]
[BlackElo "2339"]
[Result "1-0"]
[Round "08"]
[TimeControl "180+2"]
[Date "2023.03.21"]
[WhiteClock "0:01:18"]
[BlackClock "0:00:16"]

1. Nf3 Nf6 2. g3 g6 3. Bg2 Bg7 4. O-O O-O 5. d4 d6 6. Nc3 d5 7. Bf4 c6 8. h3 Bf5 9. Re1 Ne4 10. Nxe4 Bxe4 11. c3 Nd7 12. Qd2 Re8 13. Bh6 Bh8 14. Qf4 e5 15. dxe5 Nxe5 16. Rad1 Qb6 17. Qc1 Nxf3+ 18. exf3 Bf5 19. Rxe8+ Rxe8 20. Re1 Qd8 21. Rxe8+ Qxe8 22. Qf4 Bf6 23. g4 Qe1+ 24. Bf1 Be5 25. Qb4 Bg7 26. Bxg7 Kxg7 1-0


[Site "https://www.chess.com"]

[Event "Titled Tuesday Blitz March 21 Late 2023"]
[White "Hamitevici, Vladimir"]
[Black "Janaszak, Dawid"]
[WhiteFideId "13902393"]
[BlackFideId "1119206"]
[WhiteElo "2401"]
[BlackElo "2220"]
[Result "1-0"]
[Round "08"]
[TimeControl "180+2"]
[Date "2023.03.21"]
[WhiteClock "0:00:10"]
[BlackClock "0:00:20"]

1. a3 Nf6 2. c4 e5 3. d3 d5 4. cxd5 Nxd5 5. Nf3 Nc6 6. e4 Nb6 7. Be3 Bd6 8. Be2 O-O 9. O-O Bg4 10. Nbd2 Qf6 11. h3 Bh5 12. Rc1 h6 13. b4 a5 14. b5 Nd8 15. a4 Ne6 16. Bxb6 cxb6 17. Nc4 Bxf3 18. Bxf3 Bc5 19. Bg4 Nd4 20. Ne3 Rad8 21. Kh1 Qg5 22. g3 g6 23. h4 Qe7 24. Nd5 Qd6 25. f4 f5 26. Bh3 Kh8 27. Bg2 Qe6 28. fxe5 Qxe5 29. Nf4 Rf6 30. h5 g5 31. Ng6+ Rxg6 32. hxg6 Qxg3 33. Qh5 Kg7 34. exf5 Rf8 35. f6+ Rxf6 36. Rxf6 Kxf6 37. Rf1+ Nf5 38. g7 Qxd3 39. g8=Q Qxf1+ 40. Bxf1 Ng3+ 41. Kh2 Nxh5 42. Bd3 Nf4 43. Qh8+ Ke6 44. Be4 Bd6 45. Kh1 h5 46. Qe8+ Kf6 47. Bxb7 h4 48. Bc8 h3 49. Bxh3 Nxh3 50. Qh8+ Kf5 51. Qxh3+ g4 52. Qh5+ Kf4 53. Qh6+ Ke5 54. Qg5+ 1-0


[Site "https://www.chess.com"]

[Event "Titled Tuesday Blitz March 21 Late 2023"]
[White "Matinian, Nikita"]
[Black "Remolar Gallen, Jose"]
[WhiteFideId "24129100"]
[BlackFideId "2215187"]
[WhiteElo "2422"]
[BlackElo "2223"]
[Result "0-1"]
[Round "08"]
[TimeControl "180+2"]
[Date "2023.03.21"]
[WhiteClock "0:00:02"]
[BlackClock "0:00:04"]

1. e4 c5 2. Nf3 d6 3. d4 cxd4 4. Nxd4 Nf6 5. Nc3 a6 6. Bg5 e6 7. Qf3 Be7 8. O-O-O Nbd7 9. h4 Ne5 10. Qg3 Nh5 11. Qe3 f6 12. Be2 fxg5 13. Bxh5+ g6 14. Be2 O-O 15. h5 g4 16. Kb1 Bg5 17. Qg3 Bf4 18. Qh4 g5 19. Qxg4 Nxg4 20. Bxg4 Qf6 21. f3 Bd7 22. h6 Rac8 23. Nce2 Be5 24. c3 b5 25. Nc2 a5 26. a3 Rb8 27. Rd2 Rfc8 28. Rhd1 b4 29. axb4 Ba4 30. Rxd6 Bxd6 31. Rxd6 axb4 32. Rxe6 Qf7 33. Ra6 Bxc2+ 34. Kxc2 Qb7 35. Bxc8 Rxc8 36. Ra4 b3+ 37. Kd2 Qb5 38. Rd4 Ra8 39. Rd5 Qc4 40. Rxg5+ Kf7 41. Rf5+ Kg6 42. Nf4+ Kxh6 43. Rf6+ Kg7 44. Nh5+ Kg8 45. Rd6 Qc5 46. Nf6+ Kf7 47. e5 Qxe5 48. Ne4 Ra2 49. Rd7+ Ke8 50. Rxh7 Rxb2+ 51. Kd3 Qd5+ 52. Ke3 Qe5 53. g4 Kf8 54. g5 Rc2 55. g6 Rxc3+ 56. Kf2 Rc2+ 57. Ke3 b2 58. Rf7+ Kg8 59. Rb7 Rc3+ 60. Ke2 Rc2+ 61. Ke3 Rc3+ 62. Ke2 Rc8 63. Rb3 Re8 64. Kf2 Qf5 65. Rb7 Rxe4 66. Rb8+ Kg7 67. Rxb2 Re6 68. Rb4 Qc5+ 69. Kg3 Qxb4 70. f4 Rxg6+ 71. Kf3 Rf6 0-1


[Site "https://www.chess.com"]

[Event "Titled Tuesday Blitz March 21 Late 2023"]
[White "Martinez Reyes, Pedro Ramon"]
[Black "Martic, Ivan"]
[WhiteFideId "3901807"]
[BlackFideId "929301"]
[WhiteElo "2340"]
[BlackElo "2360"]
[Result "0-1"]
[Round "08"]
[TimeControl "180+2"]
[Date "2023.03.21"]
[WhiteClock "0:00:10"]
[BlackClock "0:00:18"]

1. e4 e5 2. Nf3 Nc6 3. d4 exd4 4. Nxd4 Bc5 5. Nxc6 Qf6 6. Qf3 dxc6 7. Nc3 Qxf3 8. gxf3 Ne7 9. Be3 Bxe3 10. fxe3 Be6 11. Rg1 g6 12. O-O-O Rd8 13. Rxd8+ Kxd8 14. Ne2 f6 15. Nf4 Bd7 16. h4 Kc8 17. Bc4 a5 18. a4 Re8 19. Bf7 Rf8 20. Bb3 b6 21. Bc4 c5 22. b3 Nc6 23. Rd1 Ne5 24. Be2 g5 25. Nd5 Rf7 26. f4 gxf4 27. exf4 Ng4 28. Bxg4 Bxg4 29. Rg1 h5 30. Ne3 Bf3 31. e5 fxe5 32. fxe5 Rf4 33. Rf1 Kd7 34. Kd2 Ke6 35. Nc4 Rd4+ 36. Ke3 Bd5 37. Rf6+ Ke7 38. Rf4 Rd1 39. Rf5 Re1+ 40. Kd2 Re4 41. Ne3 Bf7 42. Rg5 Ke6 43. c4 Rxh4 44. Nd5 Rg4 45. Nxc7+ Kd7 46. Rxg4 hxg4 47. Nb5 Ke6 48. Nd6 Bg6 49. Ke3 Kxe5 50. Nc8 Bc2 51. Nxb6 Bxb3 52. Kd3 g3 53. Ke3 Kd6 54. Kf3 Kc6 55. Nd5 Bxc4 56. Nc3 Kd6 57. Kxg3 Ke5 58. Kf3 Kd4 59. Nb1 Kd3 60. Kf2 Ba2 61. Na3 c4 62. Ke1 Bb3 63. Nb5 c3 64. Nxc3 Kxc3 65. Ke2 Kc2 66. Ke3 Bxa4 67. Kd4 Bb3 0-1


[Site "https://www.chess.com"]

[Event "Titled Tuesday Blitz March 21 Late 2023"]
[White "Sztokbant, Bernardo Vainzoff"]
[Black "Martynov, Pavel"]
[WhiteFideId "2115956"]
[BlackFideId "4101260"]
[WhiteElo "2222"]
[BlackElo "2314"]
[Result "0-1"]
[Round "08"]
[TimeControl "180+2"]
[Date "2023.03.21"]
[WhiteClock "0:00:01"]
[BlackClock "0:00:19"]

1. e4 c5 2. Nc3 e6 3. f4 d5 4. Nf3 Nc6 5. d3 Nf6 6. g3 Be7 7. Bg2 O-O 8. O-O Rb8 9. e5 Nd7 10. Ne2 b5 11. g4 a5 12. Ng3 c4 13. d4 b4 14. f5 f6 15. Bf4 fxe5 16. dxe5 c3 17. b3 Rb7 18. Kh1 Nc5 19. Qe2 d4 20. Rad1 Rd7 21. Qb5 Na7 22. Qe2 Ba6 23. Qf2 d3 24. cxd3 Nxd3 25. Rxd3 Rxd3 26. Qxa7 Bb5 27. Qb7 Rd5 28. f6 gxf6 29. exf6 Rxf6 30. Bc7 Qf8 31. Rf2 Bc5 32. Qxb5 Bxf2 33. Qe2 Bxg3 34. Bxg3 Qc5 35. Ne1 Rd2 36. Qe4 c2 37. Nxc2 Qxc2 38. Qa8+ Rf8 39. Qxa5 Rd1+ 0-1


[Site "https://www.chess.com"]

[Event "Titled Tuesday Blitz March 21 Late 2023"]
[White "JackRodgers"]
[Black "Zamorano, Jorge"]
[BlackFideId "173770"]
[WhiteElo "2495"]
[BlackElo "2331"]
[Result "0-1"]
[Round "08"]
[TimeControl "180+2"]
[Date "2023.03.21"]
[WhiteClock "0:00:25"]
[BlackClock "0:00:36"]

1. d4 Nf6 2. Bg5 Ne4 3. h4 d5 4. Nd2 Bf5 5. Nxe4 Bxe4 6. f3 Bf5 7. g4 Bd7 8. e3 h6 9. Bf4 c5 10. c3 cxd4 11. exd4 h5 12. g5 Bf5 13. Bd3 Qd7 14. Ne2 Nc6 15. Ng3 Bxd3 16. Qxd3 g6 17. Kf2 Bg7 18. Kg2 O-O 19. Rhe1 Rfe8 20. Be5 Rad8 21. Bxg7 Kxg7 22. f4 e6 23. Nf1 Rb8 24. Nd2 Ne7 25. Nf3 Nf5 26. Ne5 Qc7 27. Kh3 b5 28. a3 a5 29. Ra2 b4 30. axb4 axb4 31. Rea1 bxc3 32. bxc3 Rec8 33. Ra7 Rb7 34. Rxb7 Qxb7 35. Rc1 Qb2 36. Rc2 Qb1 37. Nf3 Ra8 38. Rd2 Qc1 39. Qc2 Qf1+ 0-1


[Site "https://www.chess.com"]

[Event "Titled Tuesday Blitz March 21 Late 2023"]
[White "Domingo Nunez, Ruben"]
[Black "Bruedigam, Martin"]
[WhiteFideId "22245570"]
[BlackFideId "24608033"]
[WhiteElo "2404"]
[BlackElo "2331"]
[Result "0-1"]
[Round "08"]
[TimeControl "180+2"]
[Date "2023.03.21"]
[WhiteClock "0:00:09"]
[BlackClock "0:00:10"]

1. b3 Nf6 2. Bb2 g6 3. Nf3 Bg7 4. g3 O-O 5. Bg2 d5 6. O-O c6 7. c4 Bg4 8. e3 Nbd7 9. h3 Bxf3 10. Bxf3 e6 11. Qe2 Ne4 12. d4 f5 13. Bg2 g5 14. Nd2 Qe8 15. Nxe4 fxe4 16. f3 exf3 17. Bxf3 Nf6 18. Kg2 Qg6 19. Rae1 Rf7 20. e4 dxe4 21. Bxe4 Nxe4 22. Qxe4 Qxe4+ 23. Rxe4 Rxf1 24. Kxf1 Kf7 25. Ke2 Rd8 26. Ke3 h6 27. Ba3 b5 28. Bc5 a6 29. Bb6 Rb8 30. Bc7 Rb7 31. Be5 bxc4 32. Bxg7 cxb3 33. axb3 Rxb3+ 34. Kf2 Kxg7 35. Rxe6 Rc3 36. Re7+ Kf6 37. Ra7 Kf5 38. Rxa6 Ke4 39. Ra4 Rc2+ 40. Kf1 Ke3 41. Kg1 Kf3 42. Ra3+ Ke4 43. Ra4 Kd5 44. h4 gxh4 45. gxh4 Rc4 46. Ra8 Rxd4 47. Rd8+ Kc5 48. Rh8 Rxh4 49. Kf2 Kc4 50. Kg3 Rh5 51. Kg4 Rh1 52. Kf4 c5 53. Ke5 Kc3 54. Rc8 c4 55. Kd5 Rd1+ 56. Ke4 Rd4+ 57. Ke3 h5 58. Rh8 h4 59. Rh7 Rd3+ 60. Ke2 h3 61. Rh8 Kc2 62. Rh7 Rd2+ 63. Ke1 h2 64. Rh3 h1=Q+ 65. Rxh1 Rd1+ 0-1


[Site "https://www.chess.com"]

[Event "Titled Tuesday Blitz March 21 Late 2023"]
[White "Fernandez, Maria Florencia"]
[Black "Diaz Perez, Michel Alejandro"]
[WhiteFideId "116459"]
[BlackFideId "3517179"]
[WhiteElo "2155"]
[BlackElo "2333"]
[Result "0-1"]
[Round "08"]
[TimeControl "180+2"]
[Date "2023.03.21"]
[WhiteClock "0:00:01"]
[BlackClock "0:01:26"]

1. d4 Nf6 2. c4 d6 3. Nc3 Nbd7 4. e4 e5 5. d5 Nc5 6. f3 a5 7. Be3 b6 8. g4 h5 9. g5 Nfd7 10. h4 g6 11. Qd2 Bg7 12. O-O-O Ba6 13. Nb5 Bxb5 14. cxb5 Qe7 15. Ne2 O-O-O 16. b4 axb4 17. Qxb4 Kb7 18. Nc3 Ra8 19. Rh2 f5 20. Rc2 Rhf8 21. Be2 fxe4 22. Nxe4 Ra4 23. Nxc5+ Nxc5 24. Qd2 e4 25. Bxc5 bxc5 26. f4 e3 27. Qd3 Rfxf4 28. b6 Qe5 29. Qb3 Rfb4 30. Rd3 Qa1+ 0-1


[Site "https://www.chess.com"]

[Event "Titled Tuesday Blitz March 21 Late 2023"]
[White "Skvortsov, Andrei"]
[Black "Piriflillo"]
[WhiteFideId "24108600"]
[WhiteElo "2259"]
[BlackElo "2442"]
[Result "1-0"]
[Round "08"]
[TimeControl "180+2"]
[Date "2023.03.21"]
[WhiteClock "0:01:01"]
[BlackClock "0:00:02"]

1. d4 Nf6 2. c4 e6 3. Nc3 Bb4 4. f3 O-O 5. e4 d5 6. e5 Nfd7 7. cxd5 exd5 8. Bd3 c5 9. a3 cxd4 10. axb4 dxc3 11. f4 f6 12. e6 Re8 13. bxc3 Rxe6+ 14. Kf1 Nf8 15. Nf3 Nc6 16. b5 Ne7 17. Nd4 Rd6 18. Qe2 Ne6 19. Nf3 Nc5 20. Ba3 b6 21. Bc2 Bf5 22. Nd4 Bxc2 23. Qxc2 Qd7 24. Re1 Nf5 25. Qxf5 Qc7 26. g3 Rdd8 27. Kg2 Ne4 28. Nc6 Re8 29. Qxd5+ Qf7 30. Qxf7+ Kxf7 31. Re3 a6 32. Bb4 axb5 33. Rhe1 Ra2+ 34. R3e2 Rxe2+ 35. Rxe2 Nc5 36. Rxe8 Kxe8 37. Nd4 Kd7 38. Nxb5 Kc6 39. Nd4+ Kd5 40. Nf5 g6 41. Ne3+ Ke4 42. Ng4 f5 43. Nf6+ Kd3 44. Nxh7 Ne4 45. Nf8 Nxc3 46. Nxg6 Nd5 47. Bd6 b5 48. Ne7 b4 49. Nxd5 b3 50. Be5 1-0


[Site "https://www.chess.com"]

[Event "Titled Tuesday Blitz March 21 Late 2023"]
[White "Lamard, Guillaume"]
[Black "Herrera Reyes, Jose Antonio"]
[WhiteFideId "600261"]
[BlackFideId "2274914"]
[WhiteElo "2413"]
[BlackElo "2273"]
[Result "1-0"]
[Round "08"]
[TimeControl "180+2"]
[Date "2023.03.21"]
[WhiteClock "0:01:20"]
[BlackClock "0:00:55"]

1. d4 Nf6 2. Bf4 c5 3. e3 g6 4. Nf3 Bg7 5. c3 O-O 6. dxc5 a5 7. a4 Na6 8. Bxa6 Rxa6 9. Nbd2 Rc6 10. Nb3 b6 11. Nfd4 Rxc5 12. Nxc5 bxc5 13. Nb5 d6 14. O-O Bb7 15. Bg3 Ne4 16. f3 Nxg3 17. hxg3 Qb6 18. Qe2 h5 19. Rad1 Be5 20. f4 Bf6 21. g4 hxg4 22. Qxg4 Kg7 23. Kf2 Qc6 24. Rh1 Qe4 25. Rd2 Bc8 26. Qf3 Qxa4 27. Nc7 Rh8 28. Rxh8 Kxh8 29. Nd5 Bb7 30. Qh3+ Kg7 31. Nxf6 Kxf6 32. Qh4+ Ke6 33. f5+ 1-0


[Site "https://www.chess.com"]

[Event "Titled Tuesday Blitz March 21 Late 2023"]
[White "Hoffmann, Asa"]
[Black "Vlassov, Nikolai"]
[WhiteFideId "2001470"]
[BlackFideId "4103360"]
[WhiteElo "2117"]
[BlackElo "2324"]
[Result "0-1"]
[Round "08"]
[TimeControl "180+2"]
[Date "2023.03.21"]
[WhiteClock "0:00:07"]
[BlackClock "0:00:13"]

1. d4 Nf6 2. Bg5 e6 3. Nd2 h6 4. Bh4 c5 5. e3 b6 6. Bd3 Bb7 7. Ngf3 g5 8. Bg3 g4 9. Nh4 Rg8 10. O-O Be7 11. f3 Nd5 12. Qe1 Nxe3 13. Qxe3 Bxh4 14. dxc5 gxf3 15. Nxf3 Bxg3 16. hxg3 Rxg3 17. Qxh6 Qe7 18. cxb6 axb6 19. Rfe1 Bxf3 20. Kf2 Rxg2+ 21. Kxf3 Qg5 22. Qxg5 Rxg5 23. Rh1 Rg8 24. c4 Nc6 25. Be4 Rc8 26. Bxc6 Rxc6 27. b3 Ke7 28. a4 Rc5 29. Rh4 d5 30. cxd5 Rxd5 31. Rb4 Rd3+ 32. Ke2 Rd6 33. Rf1 Rg2+ 34. Rf2 Rxf2+ 35. Kxf2 f5 36. Ke3 e5 37. Rb5 Ke6 38. b4 Rc6 39. a5 bxa5 40. bxa5 f4+ 41. Ke4 Rc4+ 42. Kd3 Ra4 43. Rb6+ Kf5 44. a6 e4+ 45. Ke2 f3+ 46. Ke3 Ra3+ 47. Kf2 Ra2+ 48. Kg3 Rg2+ 49. Kh3 e3 50. Rb5+ Ke4 51. Rb4+ Kd5 52. Ra4 e2 53. a7 Rg8 54. Ra1 f2 55. a8=Q+ Rxa8 56. Rxa8 f1=Q+ 57. Kg3 e1=Q+ 0-1


[Site "https://www.chess.com"]

[Event "Titled Tuesday Blitz March 21 Late 2023"]
[White "Sai Krishna G V"]
[Black "drdaro"]
[WhiteFideId "5028280"]
[WhiteElo "2359"]
[BlackElo "2412"]
[Result "1/2-1/2"]
[Round "08"]
[TimeControl "180+2"]
[Date "2023.03.21"]
[WhiteClock "0:00:16"]
[BlackClock "0:00:10"]

1. d4 g6 2. e4 Nf6 3. e5 Nh5 4. g4 Ng7 5. Bd3 d6 6. Nc3 Nc6 7. exd6 cxd6 8. d5 Ne5 9. Bb5+ Bd7 10. f4 Bxb5 11. fxe5 Bd7 12. Bf4 h5 13. exd6 Bxg4 14. Qd4 exd6 15. Nge2 Bxe2 16. Kxe2 Be7 17. Ne4 O-O 18. Rhg1 Re8 19. Rae1 Bf6 20. Qd3 Bh4 21. Ref1 f5 22. Rxg6 Rxe4+ 23. Kf3 Qe7 24. Rfg1 Bf6 25. Bh6 Rg4 26. Qxf5 Rf8 27. R1xg4 hxg4+ 28. Qxg4 Bg5+ 29. Kg2 Bxh6 30. Rxh6 Qf7 31. Rg6 Qf1+ 32. Kg3 Qg1+ 33. Kh3 Qxg4+ 34. Kxg4 Rf2 35. Rxd6 Rxc2 36. b4 Rxa2 37. Rd8+ Kf7 38. Rd7+ Kf8 39. Rxb7 Ra4 40. d6 a5 41. d7 Ne6 42. Kf5 Ke7 43. d8=Q+ Kxd8 44. Kxe6 Rxb4 45. Ra7 a4 46. Kd6 Ke8 47. Kc5 Rh4 48. Kb5 Rxh2 49. Rxa4 Rh5+ 50. Kb6 Rh6+ 51. Kb5 Rh5+ 52. Kb6 Rh6+ 53. Kc5 Rh5+ 54. Kd6 Rh6+ 55. Ke5 Rh5+ 56. Kf6 Rh6+ 57. Kg5 Rb6 58. Re4+ Kd7 59. Kf5 Rb5+ 60. Re5 Rxe5+ 61. Kxe5 1/2-1/2


[Site "https://www.chess.com"]

[Event "Titled Tuesday Blitz March 21 Late 2023"]
[White "Hindermann, Felix"]
[Black "O`Gorman, Tom"]
[WhiteFideId "1305212"]
[BlackFideId "2508249"]
[WhiteElo "2206"]
[BlackElo "2271"]
[Result "0-1"]
[Round "08"]
[TimeControl "180+2"]
[Date "2023.03.21"]
[WhiteClock "0:00:05"]
[BlackClock "0:00:20"]

1. e4 e5 2. Nf3 Nc6 3. Nc3 Nf6 4. Bb5 Nd4 5. Bc4 c6 6. O-O d5 7. exd5 cxd5 8. Nxd4 dxc4 9. Nf3 Bd6 10. Qe2 Bg4 11. Qxc4 Bxf3 12. gxf3 O-O 13. d3 Rc8 14. Qh4 Be7 15. Qh3 Nd5 16. Bd2 Bg5 17. Nxd5 Bxd2 18. Qxc8 Qxd5 19. Qf5 g6 20. Qe4 Qe6 21. Qxb7 Qh3 22. f4 exf4 23. Qg2 Qh5 24. Rad1 f3 25. Qg3 Ba5 26. d4 Re8 27. Rd3 Qb5 28. b3 Qc6 29. c4 Bb6 30. d5 Qc5 31. Qxf3 Qa3 32. Rd2 Re5 33. h4 Rf5 34. Qg2 Qd6 35. Re2 h5 36. Rfe1 Rf4 37. Re8+ Kg7 38. R8e4 Rxf2 39. Qxf2 Qg3+ 40. Kh1 Bxf2 41. R1e2 Qh3# 0-1


[Site "https://www.chess.com"]

[Event "Titled Tuesday Blitz March 21 Late 2023"]
[White "Bochnicka, Vladimir"]
[Black "Kakabayev, Mergen"]
[WhiteFideId "14943450"]
[BlackFideId "14002990"]
[WhiteElo "2094"]
[BlackElo "2259"]
[Result "1-0"]
[Round "08"]
[TimeControl "180+2"]
[Date "2023.03.21"]
[WhiteClock "0:01:02"]
[BlackClock "0:01:44"]

1. e4 e6 2. d4 d5 3. Nd2 c5 4. exd5 Qxd5 5. Ngf3 cxd4 6. Bc4 Qd6 7. O-O Nf6 8. Nb3 Nc6 9. Nbxd4 Nxd4 10. Nxd4 a6 11. c3 b5 12. Be2 Bb7 13. Bf3 Bxf3 14. Qxf3 Rd8 15. Bf4 Qb6 16. Rad1 Bc5 17. Nc6 Rxd1 18. Rxd1 Nd5 19. Ne5 Bd6 20. Nxf7 O-O 21. Bxd6 Rxf7 22. Qg3 Nf6 23. Re1 Nh5 24. Rxe6 h6 25. Re8+ Kh7 26. Qd3+ g6 27. Qd4 Qxd4 28. cxd4 Nf6 29. Ra8 Rd7 30. Be5 Ng4 31. Rh8# 1-0


[Site "https://www.chess.com"]

[Event "Titled Tuesday Blitz March 21 Late 2023"]
[White "Wang, Alexander J"]
[Black "Kurtz, Eric M"]
[WhiteFideId "30955270"]
[BlackFideId "30939763"]
[WhiteElo "2294"]
[BlackElo "2629"]
[Result "0-1"]
[Round "08"]
[TimeControl "180+2"]
[Date "2023.03.21"]
[WhiteClock "0:00:08"]
[BlackClock "0:00:20"]

1. e4 d6 2. d4 Nf6 3. Nc3 g6 4. Nf3 Bg7 5. Be2 O-O 6. Be3 c6 7. h3 Qc7 8. a4 Nbd7 9. O-O b6 10. d5 a6 11. Bc4 Bb7 12. Bg5 cxd5 13. Bxd5 Rfe8 14. Re1 Rac8 15. Qd2 Nc5 16. Rad1 Rcd8 17. Qe2 e6 18. Bc4 h6 19. Bf4 Nfxe4 20. Nxe4 Nxe4 21. Bxa6 Nc5 22. Bb5 Bc6 23. b4 Nxa4 24. Bxa4 Bxa4 25. Rc1 e5 26. Be3 d5 27. c3 Bb3 28. Qd2 Kh7 29. Rb1 Bc4 30. Ra1 Ra8 31. Qb2 f5 32. Rxa8 Rxa8 33. Ra1 Rxa1+ 34. Qxa1 Be2 35. Ne1 f4 36. Bd2 e4 37. Qc1 g5 38. Qa3 Kg6 39. Qa8 Bb5 40. Qxd5 Qc4 41. Qd6+ Bf6 42. Kh2 Qe2 43. Qd5 Bc4 44. Qd6 e3 45. fxe3 fxe3 46. Nf3 exd2 47. Ne5+ Qxe5+ 0-1


[Site "https://www.chess.com"]